AoeStats
← 放羊老汉

Black Forest

510448893Analyzed
4v4 RM · 15h ago on Oct 1, 2026· 48m 50s· 8 players
Game mode
Random Map
Map size
Large (8 player)
Population
200
Speed
Normal
Resources
Standard
Victory
Conquest
Starting age
Dark Age
Ending age
Imperial Age
RankedLock teamsTeams togetherTeam positionsShared explorationLock speedFull tech treeHidden civsTurbo modeCheats
Victory
Defeat
🇺🇾 Varangians · Uruguay
1301
+16
🇭🇰 Franks · Hong Kong SAR China
1267
+17
🇨🇳 Italians · China
1258
+17
🇨🇱 Celts · Chile
1229
+18
🇲🇽 Goths · Mexico
1320
-18
🇺🇸 Japanese · United States
1283
-17
🇨🇳 Britons · China
1278
-17
🇦🇷 Celts · Argentina
1270
-16
Taco East
11:54 Feudal Age
15:55 Fletching
19:11 Castle Age
18:28 Scale Mail Armor
19:33 Forging
19:16 Crossbowman
21:20 Loom
21:02 Pikeman
25:47 Ballistics
25:43 Padded Archer Armor
27:50 Bodkin Arrow
28:08 Horse Collar
28:15 Double-Bit Axe
28:39 Fishing Lines
30:01 Wheelbarrow
30:07 Bow Saw
30:49 Chain Mail Armor
31:32 Guard Tower
32:20 Iron Casting
32:44 Squires
33:16 Gillnets
34:16 Thumb Ring
37:33 Imperial Age
34:56 Elite Skirmisher
35:52 Leather Archer Armor
35:43 Yasama
36:43 Gambesons
38:12 Hand Cart
38:21 Bracer
39:25 Conscription
40:15 Chemistry
41:26 Two-Man Saw
41:08 Plate Mail Armor
41:47 Keep
40:42 Halberdier
43:05 Blast Furnace
43:29 Ring Archer Armor
43:19 Heavy Plow
44:32 Arrowslits
46:11 Treadmill Crane
[TxZ] Rogelio
7:31 Loom
10:22 Feudal Age
10:40 Man-at-Arms
12:57 Fletching
13:19 Forging
18:15 Wheelbarrow
22:07 Castle Age
19:55 Double-Bit Axe
19:54 Horse Collar
20:56 Scale Mail Armor
22:12 Pikeman
23:29 Chain Mail Armor
25:06 Bow Saw
27:28 Iron Casting
31:11 Hand Cart
30:42 Town Watch
35:14 Squires
34:37 Long Swordsman
39:00 Imperial Age
37:17 Heavy Plow
37:34 Stone Mining
37:35 Gold Mining
39:04 Anarchy
39:50 Perfusion
40:11 Conscription
42:08 Two-Man Saw
41:45 Crop Rotation
41:05 Halberdier
44:10 Blast Furnace
wake
0:30 Loom
12:52 Feudal Age
13:36 Double-Bit Axe
15:12 Wheelbarrow
老头
6:44 Loom
9:03 Feudal Age
9:08 Man-at-Arms
12:17 Double-Bit Axe
13:36 Horse Collar
21:26 Castle Age
19:30 Stone Mining
20:16 Gold Mining
26:59 Imperial Age
25:50 Fletching
27:10 Bodkin Arrow
32:12 Heavy Plow
32:53 Padded Archer Armor
35:39 Bracer
35:55 Leather Archer Armor
36:06 Ballistics
38:04 Ring Archer Armor
39:20 Elite Longbowman
40:59 Onager
46:05 Chemistry
bastianbps
8:36 Loom
10:54 Feudal Age
15:10 Castle Age
15:46 Forging
18:00 Scale Barding Armor
23:24 Double-Bit Axe
23:21 Horse Collar
26:44 Wheelbarrow
26:38 Fletching
28:11 Bodkin Arrow
28:28 Padded Archer Armor
31:11 Leather Archer Armor
35:15 Imperial Age
34:15 Hand Cart
34:28 Ballistics
34:19 Bow Saw
34:11 Heavy Plow
34:02 Gold Mining
34:03 Stone Mining
35:33 Heavy Scorpion
37:42 Gold Shaft Mining
37:43 Stone Shaft Mining
36:47 Capped Ram
39:04 Chemistry
38:46 Siege Engineers
39:19 Siege Ram
42:35 Town Watch
44:38 Scale Mail Armor
46:00 Conscription
45:52 Furor Celtica
48:39 Elite Woad Raider
49:07 Arson
The Long Dark
7:34 Loom
10:46 Feudal Age
12:11 Double-Bit Axe
16:05 Castle Age
17:00 Bow Saw
16:40 Fishing Lines
20:21 Wheelbarrow
19:31 Town Watch
20:06 Gillnets
30:13 Imperial Age
27:39 Gold Mining
30:22 Fletching
30:32 Padded Archer Armor
32:05 Two-Man Saw
31:10 Bodkin Arrow
32:11 Hand Cart
33:01 Chemistry
32:21 Ballistics
32:15 Elite Skirmisher
33:00 Thumb Ring
34:00 Conscription
34:58 Leather Archer Armor
34:44 Bracer
34:53 Bracer
36:32 Stone Mining
37:48 Silk Road
37:40 Pirotechnia
38:23 Ring Archer Armor
38:04 Forging
37:59 Scale Barding Armor
39:42 Stone Shaft Mining
39:20 Treadmill Crane
放羊老汉
2:31 Loom
11:30 Feudal Age
17:12 Fletching
26:42 Castle Age
28:41 Bodkin Arrow
28:46 Padded Archer Armor
28:29 Elite Skirmisher
41:09 Double-Bit Axe
46:46 Bow Saw
48:52 Caravan
La_Sophie
6:57 Loom
9:14 Feudal Age
9:28 Man-at-Arms
9:54 Arson
12:31 Double-Bit Axe
14:13 Town Watch
21:52 Castle Age
21:30 Wheelbarrow
21:17 Horse Collar
21:27 Gold Mining
21:29 Stone Mining
27:49 Bow Saw
29:35 Hand Cart
30:53 Scale Barding Armor
31:59 Forging
33:47 Stone Shaft Mining
33:47 Chain Barding Armor
34:02 Iron Casting
35:12 Heavy Plow
35:25 Husbandry
35:36 Bloodlines
39:06 Imperial Age
37:55 Fletching
38:26 Ballistics
39:25 Devotion
39:18 Elite Jarl
39:21 Vendel Legacy
40:23 Conscription
41:52 Plate Barding Armor
42:17 Blast Furnace
43:52 Capped Ram
46:02 Siege Ram
47:27 Caravan
Connection lost

Rejoining the realm…

Still unreachable

The connection could not be restored.

Session expired

The server has moved on; the page needs a fresh start.